| TOP OF THE 1ST |
|
Tampa Pirates batting - Pitching for Daytona Beach Islanders : LHP Chris Olsen
|
|
Pitching: LHP Chris Olsen
|
|
|
Batting: SHB Craig Smajstrla
|
0-0: Fly out, F8 (Flyball, 78D, EV 85.6 MPH)
|
|
Batting: RHB Erwin Bryant
|
0-0: Ball 1-0: Foul Ball, location: 2F 1-1: Foul Ball, location: 2F 1-2: Ball 2-2: Ground out 4-3 (Groundball, 4MS, EV 65.6 MPH)
|
|
Batting: LHB Pedro Nunez
|
0-0: Ball 1-0: Fly out, F8 (Flyball, 8RXD, EV 96.9 MPH)
|
| Top of the 1st over - 0 runs, 0 hits, 0 errors, 0 left on base; Tampa 0 - Daytona Beach 0 |
| BOTTOM OF THE 1ST |
|
Daytona Beach Islanders batting - Pitching for Tampa Pirates : RHP Derek Botelho
|
|
Pitching: RHP Derek Botelho
|
|
|
Batting: SHB Michael Frierson
|
0-0: Fly out, F8 (Flyball, 8RS, EV 95.0 MPH)
|
|
Batting: RHB Kalvin Adams
|
0-0: Called Strike 0-1: Called Strike 0-2: Strikes out swinging
|
|
Batting: LHB Benny Distefano
|
0-0: Called Strike 0-1: Ball 1-1: Ground out U3 (Groundball, 34, EV 100.6 MPH)
|
| Bottom of the 1st over - 0 runs, 0 hits, 0 errors, 0 left on base; Tampa 0 - Daytona Beach 0 |
| TOP OF THE 2ND |
|
Tampa Pirates batting - Pitching for Daytona Beach Islanders : LHP Chris Olsen
|
|
Batting: RHB Gregory Norman
|
0-0: Fly out, F7 (Flyball, 7LM, EV 88.1 MPH)
|
|
Batting: LHB David Frederick
|
0-0: Ground out 4-3 (Groundball, 4D, EV 101.9 MPH)
|
|
Batting: RHB Jason Porter
|
0-0: Called Strike 0-1: Foul Ball, location: 2F 0-2: Ball 1-2: Ball 2-2: Foul Ball, location: 2F 2-2: Foul Ball, location: 2F 2-2: Ground out 6-3 (Groundball, 6, EV 78.1 MPH)
|
| Top of the 2nd over - 0 runs, 0 hits, 0 errors, 0 left on base; Tampa 0 - Daytona Beach 0 |
| BOTTOM OF THE 2ND |
|
Daytona Beach Islanders batting - Pitching for Tampa Pirates : RHP Derek Botelho
|
|
Batting: RHB Randy Kutcher
|
0-0: Foul Ball, location: 2F 0-1: Ball 1-1: Foul Ball, location: 2F 1-2: Strikes out swinging
|
|
Batting: LHB Danny Hernandez
|
0-0: Foul Ball, location: 2F 0-1: Ball 1-1: Ball 2-1: Swinging Strike 2-2: Ball 3-2: Ground out 5-3 (Groundball, 56S, EV 84.4 MPH)
|
|
Batting: RHB Jeff Rutledge
|
0-0: Called Strike 0-1: Ball 1-1: Foul Ball, location: 2F 1-2: Strikes out swinging
|
| Bottom of the 2nd over - 0 runs, 0 hits, 0 errors, 0 left on base; Tampa 0 - Daytona Beach 0 |
| TOP OF THE 3RD |
|
Tampa Pirates batting - Pitching for Daytona Beach Islanders : LHP Chris Olsen
|
|
Batting: RHB Dale Eiler
|
0-0: Ball 1-0: Swinging Strike 1-1: Swinging Strike 1-2: Foul Ball, location: 2F 1-2: Ball 2-2: Ball 3-2: Base on Balls
|
|
Batting: RHB Steven Young
|
0-0: Called Strike 0-1: Swinging Strike 0-2: Ball 1-2: Ball 2-2: Foul Ball, location: 2F 2-2: Ball 3-2: SINGLE (Line Drive, 6D, EV 95.0 MPH) Dale Eiler to second
|
|
Batting: RHB Roy Dixon
|
0-0: Ball 1-0: SINGLE (Line Drive, 5D, EV 110.0 MPH) Dale Eiler to third Steven Young to second
|
|
Batting: SHB Craig Smajstrla
|
0-0: Ball 1-0: Ball 2-0: Grounds into double play, 5-4-3 (Groundball, 5, EV 86.3 MPH) Dale Eiler scores Steven Young to third
|
|
Batting: RHB Erwin Bryant
|
0-0: Fly out, F9 (Flyball, 9LM, EV 96.3 MPH)
|
| Top of the 3rd over - 1 run, 2 hits, 0 errors, 1 left on base; Tampa 1 - Daytona Beach 0 |
| BOTTOM OF THE 3RD |
|
Daytona Beach Islanders batting - Pitching for Tampa Pirates : RHP Derek Botelho
|
|
Batting: RHB Francisco Gonzalez
|
0-0: Ball 1-0: Swinging Strike 1-1: Ball 2-1: Ball 3-1: Base on Balls
|
|
Batting: RHB Jeffrey Coker
|
0-0: Called Strike 0-1: Swinging Strike 0-2: Ball 1-2: Ball 2-2: Foul Ball, location: 2F 2-2: Strikes out swinging
|
|
Batting: RHB Robert Whitfield
|
Pickoff Throw to First - Out! 1-3 0-0: Fly out, F4 (Popup, 4, EV 61.3 MPH)
|
| Bottom of the 3rd over - 0 runs, 0 hits, 0 errors, 0 left on base; Tampa 1 - Daytona Beach 0 |
| TOP OF THE 4TH |
|
Tampa Pirates batting - Pitching for Daytona Beach Islanders : LHP Chris Olsen
|
|
Batting: LHB Pedro Nunez
|
0-0: SINGLE (Line Drive, 6MD, EV 98.1 MPH)
|
|
Batting: RHB Gregory Norman
|
0-0: Called Strike 0-1: Ball 1-1: Ball 2-1: Fly out, F6 (Line Drive, 6, EV 65.6 MPH)
|
|
Batting: LHB David Frederick
|
0-0: Ball 1-0: Ball 2-0: Foul Ball, location: 2F 2-1: Fly out, F3 (Popup, 3F, EV 73.8 MPH)
|
|
Batting: RHB Jason Porter
|
0-0: Ball 1-0: Ball 2-0: Called Strike 2-1: Ground out 4-3 (Groundball, 34, EV 98.8 MPH)
|
| Top of the 4th over - 0 runs, 1 hit, 0 errors, 1 left on base; Tampa 1 - Daytona Beach 0 |
| BOTTOM OF THE 4TH |
|
Daytona Beach Islanders batting - Pitching for Tampa Pirates : RHP Derek Botelho
|
|
Batting: SHB Michael Frierson
|
0-0: Ball 1-0: Ball 2-0: Ball 3-0: Called Strike 3-1: Base on Balls
|
|
Batting: RHB Kalvin Adams
|
0-0: Ball 1-0: Foul Ball, location: 2F 1-1: Foul Ball, location: 2F 1-2: Ball 2-2: Foul Ball, location: 2F 2-2: Foul Ball, location: 2F 2-2: Reached on error, E7 (Flyball, 7LS, EV 89.4 MPH) Michael Frierson to second
|
|
Batting: LHB Benny Distefano
|
0-0: Ball 1-0: Called Strike 1-1: Ball 2-1: Called Strike 2-2: Ball 3-2: Ground out 5-3 (Groundball, 5, EV 90.6 MPH) Michael Frierson to third Kalvin Adams to second
|
|
Batting: RHB Randy Kutcher
|
0-0: Ball 1-0: Ball 2-0: SINGLE (Groundball, 4S, EV 74.4 MPH) (infield hit) Michael Frierson scores Kalvin Adams to third
|
|
Batting: LHB Danny Hernandez
|
0-0: Ball Randy Kutcher steals 2nd base 1-0: Ball 2-0: Ground out 6-3 (Groundball, 6, EV 78.8 MPH) Kalvin Adams scores Randy Kutcher to third
|
|
Batting: RHB Jeff Rutledge
|
0-0: Called Strike 0-1: Called Strike 0-2: Ball 1-2: Ball 2-2: SINGLE (Line Drive, 9S, EV 97.5 MPH) Randy Kutcher scores
|
|
Batting: RHB Francisco Gonzalez
|
0-0: Ball 1-0: Ball 2-0: Called Strike 2-1: Ball 3-1: Called Strike 3-2: Foul Ball, location: 2F 3-2: Foul Ball, location: 2F 3-2: Base on Balls Jeff Rutledge to second
|
|
Batting: RHB Jeffrey Coker
|
0-0: Ball 1-0: Fly out, F8 (Flyball, 78M, EV 76.3 MPH)
|
| Bottom of the 4th over - 3 runs, 2 hits, 1 error, 2 left on base; Tampa 1 - Daytona Beach 3 |
| TOP OF THE 5TH |
|
Tampa Pirates batting - Pitching for Daytona Beach Islanders : LHP Chris Olsen
|
|
Batting: RHB Dale Eiler
|
0-0: Ball 1-0: Ball 2-0: Ball 3-0: Base on Balls
|
|
Batting: RHB Steven Young
|
0-0: Sac Bunt to P - play at first, batter OUT! 1-3 Dale Eiler to second
|
|
Batting: RHB Roy Dixon
|
0-0: SINGLE (Groundball, 56D, EV 98.1 MPH) Dale Eiler to third
|
|
Batting: SHB Craig Smajstrla
|
0-0: Called Strike 0-1: Ball 1-1: SINGLE (Line Drive, 7S, EV 105.6 MPH) Dale Eiler scores Roy Dixon to second
|
|
Batting: RHB Erwin Bryant
|
0-0: Ball 1-0: Foul Ball, location: 2F 1-1: Foul Ball, location: 2F 1-2: Foul Ball, location: 2F 1-2: Ball 2-2: Ball 3-2: Grounds into double play, 6-4-3 (Groundball, 6, EV 87.5 MPH)
|
| Top of the 5th over - 1 run, 2 hits, 0 errors, 1 left on base; Tampa 2 - Daytona Beach 3 |
| BOTTOM OF THE 5TH |
|
Daytona Beach Islanders batting - Pitching for Tampa Pirates : RHP Derek Botelho
|
|
Batting: RHB Robert Whitfield
|
0-0: Called Strike 0-1: Swinging Strike 0-2: Fly out, F9 (Flyball, 89S, EV 83.8 MPH)
|
|
Batting: SHB Michael Frierson
|
0-0: Ball 1-0: Ball 2-0: Ball 3-0: Base on Balls
|
|
Batting: RHB Kalvin Adams
|
0-0: Ball 1-0: Ball 2-0: Called Strike 2-1: Foul Ball, location: 2F 2-2: Fly out, F7 (Flyball, 7, EV 83.1 MPH)
|
|
Batting: LHB Benny Distefano
|
0-0: Foul Ball, location: 2F 0-1: SINGLE (Groundball, 34D, EV 111.9 MPH) (infield hit) Michael Frierson to second
|
|
Batting: RHB Randy Kutcher
|
0-0: Ball 1-0: Ball 2-0: Swinging Strike 2-1: Foul Ball, location: 2F 2-2: Ball 3-2: Foul Ball, location: 2F 3-2: Base on Balls Michael Frierson to third Benny Distefano to second
|
|
Batting: LHB Danny Hernandez
|
0-0: Ball 1-0: Ball 2-0: Ball 3-0: Called Strike 3-1: Swinging Strike 3-2: Foul Ball, location: 2F 3-2: Foul Ball, location: 2F 3-2: Base on Balls Michael Frierson scores Benny Distefano to third Randy Kutcher to second
|
|
Batting: RHB Jeff Rutledge
|
0-0: Foul Ball, location: 2F 0-1: Swinging Strike 0-2: GRAND SLAM HOME RUN (Flyball, 7LD, EV 113.1 MPH), Distance : 345 ft
|
|
Pitching: RHP Eugene Norman
|
|
|
Batting: RHB Francisco Gonzalez
|
0-0: Ball 1-0: Called Strike 1-1: Foul Ball, location: 2F 1-2: Ball 2-2: Strikes out swinging
|
| Bottom of the 5th over - 5 runs, 2 hits, 0 errors, 0 left on base; Tampa 2 - Daytona Beach 8 |
| TOP OF THE 6TH |
|
Tampa Pirates batting - Pitching for Daytona Beach Islanders : LHP Chris Olsen
|
|
Batting: LHB Pedro Nunez
|
0-0: Ball 1-0: SINGLE (Flyball, 8RS, EV 91.3 MPH)
|
|
Batting: RHB Gregory Norman
|
Pickoff Throw to First - Out! 1-3 0-0: Ball 1-0: Ground out 6-3 (Groundball, 6D, EV 78.8 MPH)
|
|
Batting: LHB David Frederick
|
0-0: Ball 1-0: Ground out 6-3 (Groundball, 56, EV 110.6 MPH)
|
| Top of the 6th over - 0 runs, 1 hit, 0 errors, 0 left on base; Tampa 2 - Daytona Beach 8 |
| BOTTOM OF THE 6TH |
|
Daytona Beach Islanders batting - Pitching for Tampa Pirates : RHP Eugene Norman
|
|
Batting: RHB Jeffrey Coker
|
0-0: Called Strike 0-1: Fly out, F8 (Flyball, 8LS, EV 73.8 MPH)
|
|
Batting: RHB Robert Whitfield
|
0-0: Ball 1-0: Ground out 6-3 (Groundball, 6, EV 91.3 MPH)
|
|
Batting: SHB Michael Frierson
|
0-0: Ball 1-0: Foul Ball, location: 2F 1-1: Ground out 6-3 (Groundball, 6M, EV 109.4 MPH)
|
| Bottom of the 6th over - 0 runs, 0 hits, 0 errors, 0 left on base; Tampa 2 - Daytona Beach 8 |
| TOP OF THE 7TH |
|
Tampa Pirates batting - Pitching for Daytona Beach Islanders : LHP Chris Olsen
|
|
Batting: RHB Jason Porter
|
0-0: Ball 1-0: Called Strike 1-1: Swinging Strike 1-2: Strikes out swinging
|
|
Batting: RHB Dale Eiler
|
0-0: Ball 1-0: Called Strike 1-1: Fly out, F7 (Flyball, 7, EV 78.1 MPH)
|
|
Batting: RHB Steven Young
|
0-0: Called Strike 0-1: Foul Ball, location: 2F 0-2: SINGLE (Groundball, 34, EV 101.9 MPH)
|
|
Batting: RHB Roy Dixon
|
0-0: Called Strike 0-1: Ball 1-1: Foul Ball, location: 2F 1-2: Fly out, F4 (Popup, 34D, EV 53.1 MPH)
|
| Top of the 7th over - 0 runs, 1 hit, 0 errors, 1 left on base; Tampa 2 - Daytona Beach 8 |
| BOTTOM OF THE 7TH |
|
Daytona Beach Islanders batting - Pitching for Tampa Pirates : RHP Eugene Norman
|
|
Batting: RHB Kalvin Adams
|
0-0: Ball 1-0: Ground out 5-3 (Groundball, 56, EV 89.4 MPH)
|
|
Batting: LHB Benny Distefano
|
0-0: Ball 1-0: Ball 2-0: Fly out, F9 (Flyball, 9D, EV 105.6 MPH)
|
|
Batting: RHB Randy Kutcher
|
0-0: Ball 1-0: Swinging Strike 1-1: Ball 2-1: Ball 3-1: Foul Ball, location: 2F 3-2: Fly out, F2 (Popup, 23F, EV 80.0 MPH)
|
| Bottom of the 7th over - 0 runs, 0 hits, 0 errors, 0 left on base; Tampa 2 - Daytona Beach 8 |
| TOP OF THE 8TH |
|
Tampa Pirates batting - Pitching for Daytona Beach Islanders : LHP Chris Olsen
|
|
Batting: SHB Craig Smajstrla
|
0-0: TRIPLE (Flyball, 78XD, EV 108.8 MPH)
|
|
Batting: RHB Erwin Bryant
|
0-0: Fly out, F7 (Flyball, 7LM, EV 88.8 MPH) Runner from 3rd tags up, SCORES, throw by LF
|
|
Batting: LHB Pedro Nunez
|
0-0: Foul Ball, location: 2F
|
|
|
|
|
|
0-1: Ground out 5-3 (Groundball, 56, EV 85.0 MPH)
|
|
Batting: RHB Gregory Norman
|
0-0: Fly out, F8 (Flyball, 8RXD, EV 74.4 MPH)
|
| Top of the 8th over - 1 run, 1 hit, 0 errors, 0 left on base; Tampa 3 - Daytona Beach 8 |
| BOTTOM OF THE 8TH |
|
Daytona Beach Islanders batting - Pitching for Tampa Pirates : RHP Eugene Norman
|
|
Batting: LHB Danny Hernandez
|
0-0: Foul Ball, location: 2F 0-1: Ball 1-1: Ball 2-1: Ball 3-1: Foul Ball, location: 2F 3-2: Fly out, F3 (Line Drive, 3, EV 65.0 MPH)
|
|
Batting: RHB Jeff Rutledge
|
0-0: Foul Ball, location: 2F 0-1: Foul Ball, location: 2F 0-2: Reached on error, E3 (Groundball, 34S, EV 78.8 MPH)
|
|
Batting: RHB Francisco Gonzalez
|
0-0: Grounds into double play, 6-4-3 (Groundball, 6, EV 91.3 MPH)
|
| Bottom of the 8th over - 0 runs, 0 hits, 1 error, 0 left on base; Tampa 3 - Daytona Beach 8 |
| TOP OF THE 9TH |
|
Tampa Pirates batting - Pitching for Daytona Beach Islanders : LHP Chris Olsen
|
|
Batting: LHB David Frederick
|
0-0: Ground out U3 (Groundball, 34S, EV 90.0 MPH)
|
|
Batting: RHB Jason Porter
|
0-0: Ball 1-0: SINGLE (Flyball, 8LS, EV 88.1 MPH)
|
|
Batting: RHB Dale Eiler
|
0-0: Ball 1-0: SINGLE (Line Drive, 9S, EV 99.4 MPH) Jason Porter to second
|
|
Batting: RHB Steven Young
|
0-0: Ball 1-0: Ball 2-0: Ball 3-0: Base on Balls Jason Porter to third Dale Eiler to second
|
|
Batting: RHB Roy Dixon
|
0-0: Called Strike 0-1: Swinging Strike 0-2: Foul Ball, location: 2F 0-2: Grounds into double play, 3-6-3 (Groundball, 34S, EV 82.5 MPH)
|
| Top of the 9th over - 0 runs, 2 hits, 0 errors, 2 left on base; Tampa 3 - Daytona Beach 8 |
 |
|
Thursday, August 6th, 2020 - OOTP Baseball 21.5 Build 76
|
|